 Dungeon Crawl Stone Soup version 0.29-a0-275-g389c0b56f3 (webtiles) character file.

Game seed: 16078110507665313525

350 Hubjo the Skirmisher (level 6, -1/51 HPs)
             Began as a Demonspawn Wanderer on Mar 9, 2022.
             Was a Priest of Wu Jian.
             Slain by a hound (4 damage)
             ... on level 5 of the Dungeon.
             The game lasted 00:06:50 (4166 turns).

Hubjo the Skirmisher (Demonspawn Wanderer)          Turns: 4166, Time: 00:06:51

Health: -1/51      AC:  3    Str: 17    XL:     6   Next: 34%
Magic:  9/9        EV: 12    Int: 11    God:    Wu Jian [***...]
Gold:   247        SH:  0    Dex: 18    Spells: 9/9 levels left

rFire   . . .      SeeInvis .   a - +2 hand axe
rCold   . . .      Faith    .   (no shield)
rNeg    . . .      Spirit   .   f - +0 leather armour
rPois   .          Reflect  .   (no helmet)
rElec   .          Harm     .   (no cloak)
rCorr   .          Rampage  .   (no gloves)
Will    .....                   (no boots)
Stlth   +.........              (no amulet)
HPRegen 0.17/turn               h - +6 ring of dexterity
MPRegen 0.11/turn               (no ring)

@: about to teleport
A: claws 1, powered by death 2
a: Renounce Religion, Wall Jump, Serpent's Lash


You were on level 5 of the Dungeon.
You worshipped Wu Jian.
Wu Jian was most pleased with you.
You visited 1 branch of the dungeon, and saw 5 of its levels.

You collected 247 gold pieces.

Inventory:

Hand Weapons
 a - a +2 hand axe (weapon)
 b - a +0 quarterstaff
 d - a +0 dagger
 i - a +0 dagger of venom
Missiles
 c - 14 poisoned darts (quivered)
Armour
 f - a +0 leather armour (worn)
Jewellery
 h - a +6 ring of dexterity (left claw)
 u - a ring of protection from fire
Wands
 t - a wand of mindburst (14)
Scrolls
 g - 5 scrolls of fog
 k - a scroll of immolation {unknown}
 p - a scroll of enchant weapon {unknown}
 r - a scroll of torment
 s - a scroll of fear {unknown}
 w - a scroll of identify
Potions
 j - 2 potions of curing {unknown}
 l - a potion of heal wounds {unknown}
 n - 2 potions of might {unknown}
 o - 2 potions of mutation {unknown}
 q - a potion of cancellation {unknown}
 v - a potion of lignification {unknown}


   Skills:
 * Level 5.1 Fighting
 + Level 3.7 Axes
 - Level 1.7 Staves
 - Level 1.0 Throwing
 + Level 2.6 Dodging
 + Level 2.3 Spellcasting


You had 9 spell levels left.
You didn't know any spells.
Your spell library contained the following spells:

 Spells                   Type           Power      Damage    Failure   Level
 Beastly Appendage        Tmut           2%         N/A       34%         1
 Pain                     Necr           4%         1d4       34%         1
 Blink                    Tloc           2%         N/A       47%         2
 Sublimation of Blood     Necr           1%         N/A       47%         2
 Wereblood                Tmut           1%         N/A       47%         2
 Portal Projectile        Hex/Tloc       2%         N/A       71%         3
 Spider Form              Tmut/Pois      1%         N/A       71%         3
 Petrify                  Tmut/Erth      1%         N/A       98%         4
 Agony                    Necr           1%         N/A       100%        5
 Blade Hands              Tmut           0%         N/A       100%        5
 Excruciating Wounds      Necr           0%         N/A       100%        5
 Irradiate                Conj/Tmut      0%         3d13      100%        5
 Manifold Assault         Tloc           1%         N/A       100%        5
 Storm Form               Tmut/Air       0%         N/A       100%        7


Dungeon Overview and Level Annotations

Branches:
Dungeon (5/15)
 Temple: D:4-7

Altars:
Qazlal
Uskayaw
Wu Jian
Xom

Shops:
D:2 (


Innate Abilities, Weirdness & Mutations

You have sharp fingernails.
You regenerate health from kills.


Message History

You closely miss the hound.
The hound is severely wounded.
The hound bites you.
* * * LOW HITPOINT WARNING * * *
The hound closely misses you.
You hit the hound but do no damage.
The hound is severely wounded.
The hound misses you. The hound barely misses you.
You hit the hound but do no damage.
The hound is severely wounded.
The hound closely misses you.
You hit the hound but do no damage.
The hound is severely wounded.
The hound bites you.
* * * LOW HITPOINT WARNING * * *
The hound bites you but does no damage.
You closely miss the hound.
The hound is severely wounded.
The hound barely misses you. The hound bites you.
* * * LOW HITPOINT WARNING * * *
You hit the hound.
The hound is almost dead.
The hound bites you.
* * * LOW HITPOINT WARNING * * *
You barely miss the hound.
The hound is almost dead.
The hound closely misses you. x2
You closely miss the hound.
The hound is almost dead.
The hound closely misses you. The hound bites you.
* * * LOW HITPOINT WARNING * * *
You barely miss the hound.
The hound is almost dead.
The hound bites you.
* * * LOW HITPOINT WARNING * * *
As you read the scroll of teleportation, it crumbles to dust.
You feel strangely unstable. The hound bites you.
* * * LOW HITPOINT WARNING * * *
The hound bites you.
You die...

##############.####
#....#************
#....#,,,,,,,,,,,*
#....#,#********,* #.#.##.# *,*
** *** #......# *,* ≈***≈*
###.#### *,* ≈*≈*≈** #.# *,*
≈*≈≈≈≈* #@# ********,* ≈*≈≈≈≈*
#h# *,,,,,,,,*
≈≈***≈*********#c#* *,********
*≈* *≈**,,,,,,,...****,***,** *≈*
*≈≈***,*,**#..,,,,,,,,,,* *≈*
*≈≈≈**,,,,,....,,,,***,**
*≈***≈≈≈**,,,,,....,,,** *<*
****≈≈*≈*,,,,,,..###,,****,******
* **≈≈*≈*,,*,**,,***,,,,,,,,,,,,*


You could see a centaur and a hound.

Vanquished Creatures
  A howler monkey (D:4)
  A gnoll shaman (D:5)
  2 hounds
  An iguana (D:4)
  4 gnolls (D:5)
  6 adders
  A white imp (D:5)
  3 worms
  2 dart slugs
  An orc (D:4)
  7 ball pythons
  6 endoplasms
  2 giant cockroaches
  13 hobgoblins
  9 kobolds
  3 quokkas
  5 bats
  2 frilled lizards (D:2)
  14 goblins
  6 rats
89 creatures vanquished.

Notes
Turn   | Place    | Note
-------+----------+-------------------------------------------
     0 | D:1      | Hubjo the Demonspawn Wanderer began the quest for the Orb.
     0 | D:1      | Hubjo set off with the following items: a +2 hand axe, a +0
                  | quarterstaff, 9 poisoned darts, a +0 dagger, a scroll of
                  | teleportation, a +0 leather armour
     0 | D:1      | Reached XP level 1. HP: 18/18 MP: 1/1
   133 | D:1      | Found a faded altar of an unknown god.
   157 | D:1      | Prayed at the altar of an unknown god.
   157 | D:1      | Became a worshipper of the Wu Jian Council
   157 | D:1      | Reached * piety under Wu Jian
   532 | D:1      | Gained mutation: You regenerate a little health from kills.
                  | [demonic ancestry]
   532 | D:1      | Reached XP level 2. HP: 24/24 MP: 2/2
  1156 | D:2      | Found Rait's Antique Weapon Emporium.
  1171 | D:2      | Gained mutation: You have sharp fingernails. [demonic
                  | ancestry]
  1171 | D:2      | Reached XP level 3. HP: 27/29 MP: 4/4
  1228 | D:2      | Reached ** piety under Wu Jian
  1232 | D:2      | Reached skill level 1 in Spellcasting
  1948 | D:3      | Reached XP level 4. HP: 36/37 MP: 5/5
  2269 | D:3      | Found a hide-covered altar of Uskayaw.
  2269 | D:3      | Found a stormy altar of Qazlal.
  2270 | D:3      | Found a shimmering altar of Xom.
  2449 | D:3      | Reached skill level 4 in Fighting
  2858 | D:4      | Gained mutation: You regenerate health from kills. [demonic
                  | ancestry]
  2858 | D:4      | Reached XP level 5. HP: 39/42 MP: 7/7
  3526 | D:4      | Reached *** piety under Wu Jian
  4078 | D:5      | Entered Level 5 of the Dungeon
  4121 | D:5      | Reached XP level 6. HP: 36/50 MP: 9/9
  4135 | D:5      | Reached skill level 5 in Fighting
  4166 | D:5      | Slain by a hound

Illustrated notes

Levels and vault maps discovered:
D:1:      dpeg_arrival_subterranean_lakeside_camping, layout_loops_ring,
          shapermc_ecumenical_altar_venn
D:2:      layout_rooms, serial_shops, shop, patterned_corridor
D:3:      layout_basic, gammafunk_temple_overflow_claw, hangedman_decor_push
D:4:      layout_gridville, dreamdust_princess_bridge, minmay_goblin_outpost
D:5:      layout_loops_ring, grunt_ministairs_15,
          chequers_serial_rivers_large_b, minmay_misc_feat_more_columns,
          hellmonk_bongcloud_opening

Skill      XL: |  1  2  3  4  5  6 |
---------------+-------------------+-----
Axes           | 3 |  3.7
Spellcasting   | 1 2 |  2.3
Fighting       | 4 5 |  5.1
Dodging        | 2 |  2.6
Staves         | |  1.7
Throwing       | |  1.0

Action                   |  1- 3 |  4- 6 || total
-------------------------+-------+-------++-------
Melee: Hand axe          |   121 |   136 ||   257
Invok: Lunge             |    11 |     8 ||    19
       Whirlwind         |     3 |     3 ||     6
  Use: Scroll            |     3 |     2 ||     5
 Stab: Sleeping          |     2 |     1 ||     3
Armor: Leather armour    |    27 |    28 ||    55
Dodge: Dodged            |    81 |    85 ||   166

Table legend: (Time is in decaauts)
 A = Elapsed time spent in this place.
 B = Non-inter-level travel time spent in this place.
 C = Inter-level travel time spent in this place.
 D = Time resting spent in this place.
 E = Time spent auto-exploring this place.
 F = Levels seen in this place.
 G = Mean time per level.
                   A        B        C        D        E       F      G
               +--------+--------+--------+--------+--------+-----+--------+
         Total |   4199 |   4021 |    178 |    416 |   2914 |   5 |  839.8 |
       Dungeon |   4199 |   4021 |    178 |    416 |   2914 |   5 |  839.8 |
               +--------+--------+--------+--------+--------+-----+--------+

Top non-repeatable levels by time:
     D:4: 1520 daAuts
     D:1: 1165 daAuts
     D:3: 756 daAuts
     D:2: 663 daAuts
     D:5: 93 daAuts
